AoeStats
← Gregory176144

Arabia

510458377Analyzed
1v1 RM · 23h ago on Oct 1, 2026· 35m 15s· 2 players
Game mode
Random Map
Map size
Tiny (2 player)
Population
200
Speed
Normal
Resources
Standard
Victory
Conquest
Starting age
Dark Age
Ending age
Imperial Age
RankedLock teamsTeams togetherTeam positionsShared explorationLock speedFull tech treeHidden civsTurbo modeCheats
Victory
Defeat
🇦🇷 Huns · Argentina
1316
+16
🇵🇪 Spanish · Peru
1306
-16
GodZu
5:46 Loom
8:39 Feudal Age
9:11 Double-Bit Axe
9:31 Horse Collar
19:40 Castle Age
17:32 Gold Mining
18:50 Bloodlines
18:51 Forging
18:47 Scale Barding Armor
18:59 Scale Mail Armor
19:04 Scale Barding Armor
20:36 Bow Saw
20:29 Heavy Plow
20:44 Husbandry
25:46 Wheelbarrow
26:40 Chain Barding Armor
27:40 Iron Casting
31:49 Imperial Age
29:35 Hand Cart
29:07 Town Watch
33:06 Plate Barding Armor
31:53 Cavalier
32:49 Town Patrol
35:06 Blast Furnace
Gregory176144
8:28 Feudal Age
8:55 Double-Bit Axe
9:23 Horse Collar
14:43 Wheelbarrow
17:47 Castle Age
18:10 Gold Mining
18:42 Bow Saw
21:34 Hand Cart
21:10 Loom
21:12 Town Watch
23:17 Fletching
24:28 Gold Shaft Mining
24:47 Ballistics
25:10 Bodkin Arrow
29:50 Bloodlines
29:40 Husbandry
32:26 Imperial Age
30:03 Scale Barding Armor
30:09 Forging
31:49 Chain Barding Armor
32:38 Iron Casting
33:47 Plate Barding Armor
34:35 Blast Furnace
33:03 Cavalier
Connection lost

Rejoining the realm…

Still unreachable

The connection could not be restored.

Session expired

The server has moved on; the page needs a fresh start.